 Dungeon Crawl Stone Soup version 0.25.1-2-g60ff931df9 (webtiles) character file.

Game seed: 11165227035222629482

17822 DearestLeader the Earth Mage (level 12, -1/68 HPs)
             Began as a Gargoyle Earth Elementalist on Nov 10, 2020.
             Was an Elder of Vehumet.
             Slain by a tengu reaver
             ... wielding the +6 lajatang of Circular Logic {vorpal, Dex+4}
              (18 damage)
             ... on level 11 of the Dungeon on Nov 12, 2020.
             The game lasted 00:32:27 (14070 turns).

DearestLeader the Earth Mage (GrEE)                Turns: 14070, Time: 00:32:28

Health: -1/68      AC: 20    Str: 14    XL:     12   Next: 52%
Magic:  23/33      EV: 16    Int: 19    God:    Vehumet [****..]
Gold:   1565       SH:  0    Dex: 10    Spells: 9/27 levels left

rFire    + + .     SeeInvis .   v - +7 trident "Omak" {freeze, rPois MR+ MP+9}
rCold    + + .     Gourm    .   (no shield)
rNeg     + . .     Faith    .   j - +2 robe {MR+}
rPois    ∞         Spirit   .   B - +2 helmet
rElec    +         Reflect  .   U - +1 cloak of Starlight {rElec rC+ EV+4 Stlth--}
rCorr    .         Harm     .   F - +2 pair of gloves "Selewn" {rF+}
MR       ++...                  (no boots)
Stlth    ..........             e - amulet of the acrobat
HPRegen  0.21/turn              x - ring of protection from fire
MPRegen  0.23/turn              R - ring of protection from cold

@: no status effects
A: negative energy resistance 1, electricity resistance, unbreathing,
petrification resistance, rot immunity, AC +8
a: Renounce Religion


You were on level 11 of the Dungeon.
You worshipped Vehumet.
Vehumet was greatly pleased with you.
You were near starving.

You visited 2 branches of the dungeon, and saw 12 of its levels.
You also visited: Bailey.

You collected 1857 gold pieces.
You spent 292 gold pieces at shops.

Inventory:

Hand Weapons
 h - the +10 dark maul {vorpal}
   (You found it in a bailey)

   It inflicts extra damage upon your enemies.
 i - a +0 dagger
 v - the +7 trident "Omak" (weapon) {freeze, rPois MR+ MP+9}
   (You found it on level 4 of the Dungeon)

   It has been specially enchanted to freeze those struck by it, causing extra
   injury to most foes and up to half again as much damage against particularly
   susceptible opponents.
   It can also slow down cold-blooded creatures.
   It protects you from poison.
   It affects your resistance to hostile enchantments.
   It affects your magic capacity (+9).
Missiles
 b - 286 stones (quivered)
Armour
 j - a +2 robe of magic resistance (worn)
 B - a +2 helmet (worn)
 F - the +2 pair of gloves "Selewn" (worn) {rF+}
   (You bought it in a shop on level 6 of the Dungeon)

   It protects you from fire.
 G - a +0 cloak
 U - the +1 cloak of Starlight (worn) {rElec rC+ EV+4 Stlth--}
   (You found it on level 11 of the Dungeon)

   It affects your evasion (+4).
   It protects you from cold.
   It insulates you from electricity.
   It makes you much less stealthy.
Jewellery
 a - an uncursed ring of ice
 e - an amulet of the acrobat (around neck)
 x - a ring of protection from fire (left hand)
 I - an uncursed amulet of regeneration {unknown}
 J - a +4 ring of protection
 Q - an uncursed amulet of guardian spirit {unknown}
 R - a ring of protection from cold (right hand)
 T - an uncursed ring of protection from magic {unknown}
Wands
 n - a wand of disintegration (13)
 y - a wand of iceblast (10)
 M - a wand of clouds (4)
Scrolls
 f - 6 scrolls of fear
 g - 5 scrolls of enchant armour
 k - 2 scrolls of teleportation
 p - a scroll of fog {unknown}
 u - a scroll of vulnerability {unknown}
 z - 2 scrolls of enchant weapon {unknown}
 A - a scroll of random uselessness {unknown}
 C - 2 scrolls of immolation
 D - 3 scrolls of amnesia
 E - 5 scrolls of remove curse
 H - a scroll of magic mapping {unknown}
 N - a scroll of silence {unknown}
Potions
 c - 3 potions of heal wounds
 l - 3 potions of flight
 m - a potion of berserk rage {unknown}
 o - 2 potions of haste {unknown}
 q - 4 potions of lignification {unknown}
 r - 3 potions of ambrosia {unknown}
 s - 5 potions of curing {unknown}
 t - a potion of cancellation {unknown}
 w - a potion of resistance {unknown}
 K - 2 potions of might {unknown}
 L - 2 potions of magic {unknown}
 O - a potion of mutation {unknown}
 P - a potion of stabbing {unknown}
 S - a potion of brilliance {unknown}
Comestibles
 d - 20 rations


   Skills:
 - Level 5.5 Fighting
 - Level 6.1 Polearms
 - Level 1.5 Dodging
 - Level 2.1 Stealth
 + Level 8.0 Spellcasting
 * Level 8.3 Conjurations
 - Level 1.0 Transmutations
 * Level 16.2 Earth Magic
 - Level 2.4 Poison Magic


You had 9 spell levels left.
You knew the following spells:

 Your Spells              Type           Power        Failure   Level  Hunger
a - Sandblast             Erth           ######       0%          1    None
b - Passwall              Tmut/Erth      #####...     1%          2    None
c - Stone Arrow           Conj/Erth      ######       1%          3    None
d - Lee's Rapid Deconstr  Erth           ######....   1%          5    #####..
e - Petrify               Tmut/Erth      #####...     2%          4    ###....
f - Mephitic Cloud        Conj/Pois/Air  ###.....     1%          3    None

Your spell library contained the following spells:

 Spells                   Type           Power        Failure   Level  Hunger
 Iskenderun's Mystic Bla  Conj/Tloc      ###.....     4%          4    ###....
 Foxfire                  Conj/Fire      ###.         1%          1    None
 Conjure Flame            Conj/Fire      ###.....     1%          3    None
 Leda's Liquefaction      Hex/Erth       #####.....   3%          4    ###....
 Sticky Flame             Conj/Fire      ###.....     4%          4    ###....
 Inner Flame              Hex/Fire       #.......     7%          3    None
 Corona                   Hex            #......      9%          1    None
 Fireball                 Conj/Fire      ###.......   12%         5    #####..
 Slow                     Hex            #.......     14%         2    None
 Portal Projectile        Hex/Tloc       #.....       26%         3    None
 Cause Fear               Hex            #.........   65%         4    ###....


Dungeon Overview and Level Annotations

Branches:
Dungeon (11/15)            Temple (1/1) D:5             Orc (0/2) D:11
 Bailey (visited)
   Lair: D:8-11

Altars:
Ashenzari
Dithmenos
Fedhas
Gozag
Kikubaaqudgha
Nemelex Xobeh
Okawaru
Ru
Sif Muna
Trog
Uskayaw
Vehumet
The Shining One

Shops:
D:5 (   D:6 [?((

Annotations:
D:6 1 runed translucent door, dricus's ghost, novice OpEn
D:11 exclusion: oklob plant


Innate Abilities, Weirdness & Mutations

You are resistant to torment.
Your stone body is resilient. (AC +8)
You are immune to poison.
You resist negative energy. (rN+)
You are resistant to electric shocks. (rElec)
You can survive without breathing.
You are immune to petrification.
You are immune to rotting.


Message History

The tengu reaver completely misses you. The tengu reaver barely misses you.
You closely miss the tengu reaver.
The tengu reaver is heavily wounded.
The tengu reaver hits you with the +6 lajatang of Circular Logic {vorpal, Dex+4}!
The tengu reaver pecks you but does no damage.
The tengu reaver claws you.
You barely miss the tengu reaver.
The tengu reaver is heavily wounded.
The tengu reaver hits you with the +6 lajatang of Circular Logic {vorpal, Dex+4}!
* * * LOW HITPOINT WARNING * * *
x2 The tengu reaver pecks you but does no damage.
The tengu reaver claws you but does no damage.
Casting: Stone Arrow (safe; 1% risk of failure)
Confirm with . or Enter, or press ? or * to list all spells.
Aiming: Stone Arrow (safe; 1% risk of failure)
Press: ? - help, Shift-Dir - straight line, f/p - tengu reaver
Aim: a tengu reaver, wielding the +6 lajatang of Circular Logic {vorpal, Dex+4}, wearing a +0 ring mail and wearing an uncursed ring of ice (heavily wounded)
The stone arrow misses the tengu reaver.
The tengu reaver hits you with the +6 lajatang of Circular Logic {vorpal, Dex+4}!!
You die...

##(#.###.#.....#.....#........#
#.(#..######'####....#...<....#
#..'...###.....###...'........#
#.(#....###.....###..#........#
#(.#.....###.....###.#........#
#..##.....###.....####........#
#(.###.....###.....###........#
#..#####'#######'####.........#
#(.........)..@Q..............#
#.............................#
##.............................
#.......##########............
#..###### # ######.#.........
#..# #.#.#..#.#......... #..#
#.#.#.#.##......... #..# #
#.#.#.#.#......... #..#
#.#..#.####.........


You could see a tengu reaver.

Vanquished Creatures
  A fire giant (D:11)
  A two-headed ogre (D:11)
  Erica (D:8)
  Urug (D:11)
  An unseen horror (D:10)
  A phantasmal warrior (D:11)
  2 orc knights (Bailey)
  An ugly thing (D:11)
  2 deep elf magi
  A manticore (D:11)
  Joseph (D:9)
  2 gargoyles (D:11)
  A tengu conjurer (D:11)
  2 trolls
  2 hornets
  Prince Ribbit (D:8)
  4 hippogriffs
  Sigmund (D:4)
  A wraith (D:8)
  A vampire (D:10)
  15 yaks
  A vampire mosquito (D:11)
  2 soldier ants (D:9)
  2 water moccasins
  A sky beast (D:11)
  A black bear (D:10)
  2 orc warriors
  4 ice beasts
  3 ogres
  2 phantoms
  5 centaurs
  A crocodile (D:10)
  A big kobold (D:10)
  Blork the orc (D:4)
  5 bullfrogs
  3 gnoll sergeants
  22 killer bees
  8 howler monkeys
  3 crimson imps (D:8)
  5 bullfrog zombies
  3 jellies
  7 hounds
  5 orc priests
  4 orc wizards
  Crazy Yiuf (D:7)
  A centaur skeleton (D:7)
  4 iguanas
  15 worker ants
  A killer bee zombie (D:7)
  A hound skeleton (D:5)
  2 worker ant zombies
  Robin (D:2)
  13 gnolls
  10 adders
  3 shadow imps
  4 oozes
  An adder zombie (D:9)
  3 dart slugs
  7 leopard geckos
  26 orcs
  A ball python (D:4)
  6 bats
  5 giant cockroaches
  13 goblins
  13 hobgoblins
  8 jackals
  3 quokkas
  9 frilled lizards
  23 kobolds
  A quokka skeleton (D:4)
  8 rats
317 creatures vanquished.

Vanquished Creatures (others)
  A centaur zombie (D:11)
  A bullfrog skeleton (D:11)
  2 plants (D:11)
4 creatures vanquished.

Grand Total: 321 creatures vanquished

Notes
Turn   | Place    | Note
-------+----------+-------------------------------------------
     0 | D:1      | DearestLeader the Gargoyle Earth Elementalist began the
                  | quest for the Orb.
     0 | D:1      | Reached XP level 1. HP: 10/10 MP: 3/3
   113 | D:1      | Reached skill level 4 in Earth Magic
   195 | D:1      | Reached XP level 2. HP: 15/15 MP: 5/5
   704 | D:1      | Reached skill level 5 in Earth Magic
   704 | D:1      | Reached XP level 3. HP: 12/19 MP: 4/6
  1130 | D:2      | Noticed Robin
  1738 | D:2      | Reached XP level 4. HP: 22/24 MP: 7/7
  2156 | D:2      | Reached skill level 6 in Earth Magic
  2565 | D:2      | Killed Robin
  2742 | D:3      | Learned a level 2 spell: Passwall
  2746 | D:3      | Learned a level 3 spell: Stone Arrow
  3159 | D:3      | Reached XP level 5. HP: 28/28 MP: 6/8
  3339 | D:3      | Reached skill level 7 in Earth Magic
  3769 | D:4      | Noticed an ogre
  3772 | D:4      | Killed an ogre
  3772 | D:4      | Reached skill level 8 in Earth Magic
  3772 | D:4      | Reached XP level 6. HP: 32/32 MP: 5/9
  3897 | D:4      | Got an ivory trident
  3897 | D:4      | Identified the +7 trident "Omak" {freeze, rPois MR+ MP+9}
                  | (You found it on level 4 of the Dungeon)
  4174 | D:4      | Noticed Blork the orc
  4174 | D:4      | Noticed Sigmund
  4199 | D:4      | Reached skill level 1 in Polearms
  4199 | D:4      | Reached skill level 9 in Earth Magic
  4199 | D:4      | Reached XP level 7. HP: 15/36 MP: 10/10
  4462 | D:4      | Killed Blork the orc
  4627 | D:4      | Killed Sigmund
  4810 | D:5      | Entered Level 5 of the Dungeon
  4812 | D:5      | Found a staircase to the Ecumenical Temple.
  4821 | Temple   | Entered the Ecumenical Temple
  4892 | Temple   | Became a worshipper of Vehumet
  5153 | D:5      | Found a shimmering blue altar of Sif Muna.
  5182 | D:5      | Found Jauhuwasi's Weapon Shoppe.
  5288 | D:5      | Found a sparkling altar of Nemelex Xobeh.
  5554 | D:5      | Found a sparkling altar of Nemelex Xobeh.
  5658 | D:6      | Reached skill level 10 in Earth Magic
  5658 | D:6      | Reached XP level 8. HP: 27/41 MP: 11/11
  5670 | D:6      | Learned a level 5 spell: Lee's Rapid Deconstruction
  5795 | D:6      | Found Hantos Daim's Weapon Shop.
  5886 | D:6      | Reached * piety under Vehumet
  5886 | D:6      | Offered knowledge of Shock by Vehumet.
  6050 | D:6      | Found a runed translucent door.
  6053 | D:6      | Noticed dricus's ghost (novice OpEn)
  6055 | D:6      | Found Oqer's Magic Scroll Boutique.
  6072 | D:6      | Bought a scroll of amnesia for 35 gold pieces
  6072 | D:6      | Bought a scroll of enchant armour for 75 gold pieces
  6072 | D:6      | Bought a scroll of remove curse for 30 gold pieces
  6228 | D:6      | Found Nicimey's Antique Armour Shop.
  6236 | D:6      | Bought a pair of smouldering gloves for 152 gold pieces
  6241 | D:6      | Identified the +2 pair of gloves "Selewn" {rF+} (You bought
                  | it in a shop on level 6 of the Dungeon)
  6383 | D:6      | Found Xitsi's Antique Weapon Shoppe.
  6782 | D:7      | Noticed a hornet
  6790 | D:7      | Killed a hornet
  6790 | D:7      | Reached skill level 5 in Polearms
  6790 | D:7      | Reached skill level 11 in Earth Magic
  6790 | D:7      | Reached XP level 9. HP: 29/45 MP: 13/13
  7038 | D:7      | Found a shadowy altar of Dithmenos.
  7410 | D:7      | Found a runed translucent door.
  7411 | D:7      | Noticed Crazy Yiuf
  7416 | D:7      | Killed Crazy Yiuf
  7951 | D:7      | Learned a level 4 spell: Petrify
  8058 | D:7      | Reached skill level 1 in Fighting
  8091 | D:7      | Reached skill level 12 in Earth Magic
  8409 | D:8      | Noticed Erica
  8602 | D:8      | Found a shattered altar of Ashenzari.
  8693 | D:8      | Noticed a hornet
  8701 | D:8      | Killed a hornet
  8709 | D:8      | Noticed Prince Ribbit
  8711 | D:8      | Reached XP level 10. HP: 32/55 MP: 16/17
  8719 | D:8      | Killed Prince Ribbit
  8871 | D:8      | Killed Erica
  8871 | D:8      | Reached skill level 5 in Spellcasting
  8871 | D:8      | Reached skill level 13 in Earth Magic
  8884 | D:8      | Reached ** piety under Vehumet
  8884 | D:8      | Offered knowledge of Magic Dart by Vehumet.
  9101 | D:8      | Found an iron altar of Okawaru.
  9767 | D:9      | Offered knowledge of Ignite Poison by Vehumet.
  9771 | D:9      | Noticed Joseph
  9785 | D:9      | Killed Joseph
  9785 | D:9      | Reached skill level 5 in Fighting
  9991 | D:9      | Reached skill level 14 in Earth Magic
 10016 | D:9      | Reached *** piety under Vehumet
 10298 | D:9      | Reached skill level 1 in Conjurations
 10298 | D:9      | Reached XP level 11. HP: 57/64 MP: 20/20
 10677 | D:10     | Entered Level 10 of the Dungeon
 10846 | D:10     | Offered knowledge of Mephitic Cloud by Vehumet.
 10855 | D:10     | Noticed a deep elf mage
 10939 | D:10     | Killed a deep elf mage
 10968 | D:10     | Found a flagged portal.
 10977 | Bailey   | Entered a bailey
 11205 | Bailey   | Noticed an orc knight
 11205 | Bailey   | Noticed an orc knight
 11206 | Bailey   | Found the +10 dark maul {vorpal}
 11206 | Bailey   | Found an iron altar of Okawaru.
 11223 | Bailey   | Killed an orc knight
 11223 | Bailey   | Reached **** piety under Vehumet
 11233 | Bailey   | Killed an orc knight
 11670 | D:10     | Killed an unseen horror
 11897 | D:10     | Reached skill level 15 in Earth Magic
 11915 | D:10     | Learned a level 3 spell: Mephitic Cloud
 12110 | D:10     | Reached skill level 5 in Conjurations
 12559 | D:11     | Noticed an oklob plant
 12576 | D:11     | Found a staircase to the Orcish Mines.
 12594 | D:11     | Offered knowledge of Iskenderun's Mystic Blast by Vehumet.
 12626 | D:11     | Noticed a white ugly thing
 12634 | D:11     | Killed a white ugly thing
 12700 | D:11     | Noticed a fire giant
 12705 | D:11     | Noticed a deep elf mage
 12896 | D:11     | Found the +1 cloak of Starlight {rElec rC+ EV+4 Stlth--}
 12948 | D:11     | Noticed a two-headed ogre
 12956 | D:11     | Killed a two-headed ogre
 12988 | D:11     | Noticed Urug
 13010 | D:11     | Reached XP level 12. HP: 48/68 MP: 3/23
 13010 | D:11     | Killed Urug
 13296 | D:11     | Reached skill level 1 in Transmutations
 13403 | D:11     | Reached skill level 16 in Earth Magic
 13403 | D:11     | Reached skill level 1 in Poison Magic
 13755 | D:11     | Killed a fire giant
 14058 | D:11     | Identified the +6 lajatang of Circular Logic {vorpal,
                  | Dex+4}
 14058 | D:11     | Noticed a tengu reaver
 14070 | D:11     | Slain by a tengu reaver

Illustrated notes

Levels and vault maps discovered:
D:1:      lightli_arrival_statue_moat, layout_loops_ring
D:2:      layout_basic, first_ration, uniq_robin
D:3:      layout_basic
D:4:      layout_cave_pools, uniq_blork_the_orc, uniq_sigmund
D:5:      layout_basic, led_sif_pool, kennysheep_little_box,
          minmay_temple_entry_glass, serial_shops, nicolae_shop_stone,
          nemelex_spade_bored_becter
D:6:      layout_basic, hellmonk_ghost_happy_afterlife, serial_shops, shop,
          shop, nicolae_shop_trees, shop_coins
D:7:      layout_basic, lemuel_round_altar, uniq_crazy_yiuf_cottage
D:8:      layout_rooms, nicolae_ashenzari_panopticon, basic_altar,
          uniq_prince_ribbit1, uniq_erica
D:9:      layout_loops_ring, hangedman_pestilent_swarm,
          chequers_serial_rivers_micro_b, uniq_joseph
D:10:     layout_basic, enter_bailey_2, st_stairs_13
D:11:     minmay_tearing_corner, layout_small_grid, dpeg_oklobed_lair,
          orc_0_dummy, nrook_uturn, minmay_quadrilaterals, uniq_urug,
          uniq_maurice
Temple:   dpeg_five_rooms_temple

Skill      XL: |  1  2  3  4  5  6  7  8  9 10 11 12 |
---------------+-------------------------------------+-----
Earth Magic    | 4 5 6 8 9 10 11 12 14 15 16 | 16.2
Polearms       | 1 3 5 6 |  6.1
Spellcasting   | 3 4 6 7 8 |  8.0
Fighting       | 2 5 |  5.5
Conjurations   | 1 6 8 |  8.3
Transmutations | 1 |  1.0
Poison Magic   | 2 |  2.4
Dodging        | |  1.5
Stealth        | |  2.1

Action                   |  1- 3 |  4- 6 |  7- 9 | 10-12 || total
-------------------------+-------+-------+-------+-------++-------
Melee: Spear             |    42 |       |       |       ||    42
       Unarmed           |    12 |       |       |       ||    12
       Dagger            |    85 |   179 |       |       ||   264
       Trident           |       |    22 |   186 |   443 ||   651
 Cast: Sandblast         |    24 |    37 |    26 |    27 ||   114
       Lee's Rapid Decon |       |       |     5 |    38 ||    43
       Stone Arrow       |       |       |     8 |    49 ||    57
  Use: Scroll            |       |     4 |     2 |     5 ||    11
       Potion            |       |       |     1 |     1 ||     2
 Stab: Sleeping          |     2 |     1 |     6 |     1 ||    10
       Distracted        |       |       |     1 |     1 ||     2
  Eat: Chunk             |     3 |     5 |    12 |    15 ||    35
       Ration            |       |     1 |     1 |     4 ||     6
Armor: Robe              |    42 |    72 |    56 |   252 ||   422
Dodge: Dodged            |   128 |   175 |   102 |   353 ||   758
